 Dungeon Crawl Stone Soup version 0.30.1-9-gdf580d7c3d (webtiles) character file.

Game seed: 11213909255474014469

529 oktay the Shooter (level 7, -2/35 HPs)
             Began as a Spriggan Hunter on Oct 23, 2023.
             Succumbed to a kobold brigand's curare-tipped dart
             ... on level 7 of the Dungeon on Oct 24, 2023.
             The game lasted 00:20:14 (4671 turns).

oktay the Shooter (Spriggan Hunter)                 Turns: 4671, Time: 00:20:15

Health: -2/35      AC:  2    Str:  7    XL:     7   Next: 3%
Magic:  8/8        EV: 19    Int: 11    God:
Gold:   367        SH:  0    Dex: 26    Spells: 6/6 levels left

rFire   x . .        a - +0 shortbow
rCold   + . .        (shield currently unavailable)
rNeg    . . .        c - +0 robe
rPois   .            (helmet restricted)
rElec   .            (no cloak)
rCorr   .            (gloves unavailable)
SInv    +            (boots unavailable)
Will    +....        (no amulet)
Stlth   +++          k - +6 ring of dexterity
HPRegen 0.25/turn    v - ring of ice
MPRegen 0.11/turn

%: no passive effects
@: lethally poisoned (-2 -> -17), slowed, quick
A: very small, no large weapons, unfitting armour, see invisible, speed 3
a: no special abilities


You were on level 7 of the Dungeon.
You visited 2 branches of the dungeon, and saw 7 of its levels.

You collected 367 gold pieces.

Inventory:

Hand Weapons
 a - a +0 shortbow (weapon)
 g - a +0 short sword
 h - a +0 dagger
Missiles
 p - 2 throwing nets
Armour
 c - a +0 robe (worn)
 s - a +0 chain mail
Jewellery
 k - a +6 ring of dexterity (left hand)
 v - a ring of ice (right hand)
Scrolls
 b - 2 scrolls of immolation
 d - 4 scrolls of identify {unknown}
 f - a scroll of teleportation {unknown}
 i - a scroll of enchant armour {unknown}
 j - a scroll of fear {unknown}
 m - 2 scrolls of poison {unknown}
 n - a scroll of vulnerability {unknown}
 r - a scroll of butterflies {unknown}
 u - a scroll of magic mapping {unknown}
 w - 2 scrolls of blinking {unknown}
Potions
 e - 2 potions of curing {unknown}
 l - 3 potions of heal wounds {unknown}
 o - a potion of invisibility {unknown}
 q - a potion of brilliance {unknown}
 t - 2 potions of resistance {unknown}


   Skills:
 + Level 2.9 Fighting
 + Level 7.7 Ranged Weapons
 + Level 2.9 Dodging
 + Level 2.4 Stealth


You had 6 spell levels left.
You didn't know any spells.
Your spell library contained the following spells:

 Spells                   Type           Power      Damage    Failure   Level
 Magic Dart               Conj           0%         1d3       34%         1
 Searing Ray              Conj           0%         2d4       47%         2
 Static Discharge         Conj/Air       0%         2-2/arc   47%         2
 Volatile Blastmotes      Fire/Tloc      0%         2d10      71%         3
 Airstrike                Air            0%         2d(0-16)  98%         4
 Fulminant Prism          Conj/Hex       0%         3d5       98%         4
 Iskenderun's Mystic Bla  Conj/Tloc      0%         2d3       98%         4
 Summon Lightning Spire   Summ/Air       0%         N/A       98%         4
 Lee's Rapid Deconstruct  Erth           0%         3d4*      100%        5


Dungeon Overview and Level Annotations

Branches:
Dungeon (7/15)             Temple (1/1) D:5

Altars:
Ashenzari
Gozag
Hepliaklqana
Kikubaaqudgha
Nemelex Xobeh
Okawaru
Qazlal
Ru
Sif Muna
Uskayaw
Vehumet
Wu Jian
Xom
Yredelemnul
Zin
The Shining One

Shops:
D:3 !

Annotations:
D:1 1 exclusion
D:3 3 runed translucent doors, zxspectator's ghost, amateur GrFi
D:5 Dowan; Duvessa; Edmund; Menkaure


Innate Abilities, Weirdness & Mutations

You are very small and have problems with some larger weapons.
You are too small for most types of armour.
You have supernaturally acute eyesight. (SInv)
You cover ground extremely quickly. (Speed+++)


Message History

The ice beast barely misses you.
You shoot an arrow. The kobold brigand shouts!
The arrow hits the ice beast but does no damage.
The ice beast is heavily wounded.
A kobold comes into view. It is wielding a +0 dagger. x2
The ice beast closely misses you.
You shoot an arrow. The arrow barely misses the ice beast.
An ufetubus comes into view.
A kobold comes into view.
It is wielding a +0 short sword and quivering poisoned darts.
The ice beast hits you. The ice beast freezes you. You resist.
A kobold comes into view.
It is wielding a +0 whip and quivering poisoned darts.
You shoot an arrow. The ufetubus shouts!
The kobold shouts! x2
The arrow hits the ice beast.
The ice beast is heavily wounded.
A kobold comes into view.
It is wielding a +0 club and quivering poisoned darts.
The kobold throws a poisoned dart.
The poisoned dart hits you.
You are poisoned.
The kobold throws a poisoned dart.
The poisoned dart hits you!
You are more poisoned.
The ice beast misses you.
The kobold throws a stone.
The stone misses you.
You feel very sick.
You shoot an arrow. The arrow closely misses the ice beast.
You feel very sick.
You feel sick.
The kobold brigand throws a curare-tipped dart.
The curare-tipped dart hits you.
You are lethally poisoned!
You have difficulty breathing.
You feel yourself slow down.
You are too injured to fight recklessly!
* * * LOW HITPOINT WARNING * * *
You feel very sick.
* * * LOW HITPOINT WARNING * * *
You feel very sick.
* * * LOW HITPOINT WARNING * * *
You feel very sick.
The kobold brigand throws a curare-tipped dart.
The curare-tipped dart closely misses you.
You die...

### ####.## ### #..#..###.##
#.# ######.......#..# ...#
#...#...........##
#....######...........##...##
........##............###...##
.........#..##...............#
.........#...@......#........#
#..........Y........#...##...#
##........5.#............#####
.......K..###.............#..#
...#.K...###..#..<...........#
#....#K## #..#...##..........
#...K.K# ..###.####.##.....
.............## ... #.# .....
......##.......... #.. ...##


You could see an ice beast, a kobold brigand, an ufetubus and a kobold.

Vanquished Creatures
  A centaur (D:5)
  2 scorpions
  A gnoll bouda (D:3)
  2 orc priests (D:4)
  A sleepcap (D:3)
  An iguana (D:4)
  An orc wizard (D:3)
  4 gnolls (D:3)
  4 adders
  An ufetubus (D:5)
  2 dart slugs (D:2)
  14 orcs
  4 ball pythons
  9 endoplasms
  5 goblins
  4 hobgoblins
  2 jackals (D:1)
  5 quokkas
  7 bats
  A frilled lizard (D:2)
  9 kobolds
  6 rats
86 creatures vanquished.

Notes
Turn   | Place    | Note
-------+----------+-------------------------------------------
     0 | D:1      | oktay the Spriggan Hunter began the quest for the Orb.
     0 | D:1      | Reached XP level 1. HP: 10/10 MP: 2/2
   170 | D:1      | Reached XP level 2. HP: 7/14 MP: 3/3
  1003 | D:2      | Reached XP level 3. HP: 18/18 MP: 4/4
  1021 | D:2      | Reached skill level 5 in Ranged Weapons
  1586 | D:3      | Found a glowing golden altar of the Shining One.
  1618 | D:3      | Reached XP level 4. HP: 23/23 MP: 5/5
  1730 | D:3      | Noticed a scorpion
  1737 | D:3      | Killed a scorpion
  1738 | D:3      | Reached skill level 6 in Ranged Weapons
  1738 | D:3      | Reached XP level 5. HP: 24/27 MP: 6/6
  1795 | D:3      | Found a radiant altar of Vehumet.
  2181 | D:3      | Found a runed translucent gate.
  2182 | D:3      | Found a runed translucent gate.
  2183 | D:3      | Found a runed translucent gate.
  2185 | D:3      | Noticed zxspectator's ghost (amateur GrFi)
  2308 | D:3      | Found Xeot Pesch's Distillery.
  2697 | D:4      | Reached XP level 6. HP: 32/32 MP: 7/7
  2814 | D:4      | Reached skill level 7 in Ranged Weapons
  3857 | D:5      | Entered Level 5 of the Dungeon
  3891 | D:5      | Reached XP level 7. HP: 21/35 MP: 8/8
  3996 | D:5      | Found a staircase to the Ecumenical Temple.
  4035 | D:5      | Noticed Duvessa
  4036 | D:5      | Noticed Menkaure
  4041 | D:5      | Noticed Dowan
  4069 | Temple   | Entered the Ecumenical Temple
  4472 | D:5      | HP: 1/35 [scorpion (7)]
  4488 | D:5      | Noticed Edmund
  4500 | D:5      | You fall into a shaft and drop 2 floors!
  4670 | D:7      | HP: 1/35 [poisoned by a kobold brigand (curare-tipped
                  | dart)]
  4671 | D:7      | Succumbed to a kobold brigand's curare-tipped dart

Illustrated notes

Levels and vault maps discovered:
D:1:      lightli_arrival_noodles, layout_basic
D:2:      layout_rooms, serial_co_window_serial, co_window_corner_a,
          co_window_paths_b, co_window_corner_a, co_window_paths_a,
          co_window_paths_b, co_window_of_opportunity_b, co_window_2corner,
          co_window_unsneaky_path_b, co_window_of_opportunity_b,
          co_window_paths_e, glass_columns_a, glass_columns_a
D:3:      layout_loops_corners, lemuel_crystal_altar,
          nicolae_vehumet_altar_sigil, gammafunk_ghost_nasty_kobolds,
          serial_shops, shop
D:4:      layout_loops_corners
D:5:      layout_rooms, minmay_temple_entry_butterflies, serial_park_tiny_pond,
          uniq_duvessa, uniq_menkaure, uniq_edmund
D:7:      layout_cave_pools
Temple:   minmay_temple_curvy_branch

Skill      XL: |  1  2  3  4  5  6 |
---------------+-------------------+-----
Ranged Weapons | 5 6 7 |  7.7
Fighting       | 2 |  2.9
Stealth        | 2 |  2.4
Dodging        | |  2.9

Action                     |  1- 3 |  4- 6 |  7- 9 || total
---------------------------+-------+-------+-------++-------
   Fire: Shortbow          |    86 |   143 |    25 ||   254
 Armour: Robe              |       |     2 |     1 ||     3
  Dodge: Dodged            |    15 |    44 |    28 ||    87
